Map: Site Delta LE

Players

Rhizer

  • Race: Protoss Protoss
  • Spawn Location: 5:00

Epic - Winner!

  • Race: Terran Terran
  • Spawn Location: 11:00

Event: ESL Spring 2024 Finals

VOD

Have the link to the VOD?

Description

Time

  • Played on: May 31, 2024, 12:55 p.m.
  • Length: 8:07

All games in this series

Show
View Real Time Build Order
Export as new Build Order

Rhizer Protoss 

Build Orders: Blink Stalkers, Colossus Rush 

Get SALT Encoding   

  12  0:00  Probe  
  13  0:12  Probe  
  14  0:17  Pylon  
  14  0:24  Probe (Chrono Boost)  
  15  0:36  Probe (Chrono Boost)  
  15  0:37  Gateway  
  16  0:45  Probe (Chrono Boost)  
  16  0:46  Assimilator  
  17  0:51  Probe  
  18  1:03  Probe  
  19  1:15  Probe  
  20  1:24  Cybernetics Core  
  20  1:32  Probe  
  21  1:35  Assimilator  
  21  1:36  Pylon  
  23  1:53  Nexus  
  21  1:56  Probe  
  21  1:58  Adept (Chrono Boost)  
  24  2:03  Warp Gate  
  24  2:08  Probe  
  25  2:19  Twilight Council  
  25  2:28  Stalker  
  26  2:30  Probe  
  27  2:42  Probe  
  28  2:49  Blink (Chrono Boost)  
  28  2:53  Gateway  
  28  2:54  Probe  
  29  3:06  Probe  
  29  3:07  Probe  
  31  3:15  Pylon  
  31  3:18  Probe  
  31  3:19  Probe  
  33  3:24  Stalker  
  35  3:30  Robotics Facility  
  35  3:40  Probe x2  
  37  3:51  Gateway  
  37  3:52  Gateway  
  37  3:53  Probe  
  38  3:59  Stalker  
  38  4:01  Probe  
  41  4:06  Stalker  
  41  4:09  Probe  
  44  4:14  Probe  
  45  4:18  Warp Prism (Chrono Boost)  
  45  4:23  Probe  
  48  4:26  Probe  
  48  4:28  Pylon  
  49  4:37  Probe  
  49  4:38  Probe  
  51  4:46  Stalker x2, Observer  
  51  4:52  Assimilator  
  56  4:59  Assimilator  
  56  5:01  Probe (Chrono Boost)  
  56  5:02  Robotics Bay, Probe (Chrono Boost)  
  58  5:07  Observer  
  58  5:11  Pylon  
  60  5:15  Probe (Chrono Boost)  
  60  5:19  Probe (Chrono Boost)  
  61  5:26  Probe (Chrono Boost)  
  61  5:28  Probe  
  62  5:29  Nexus  
  63  5:38  Stalker  
  63  5:39  Stalker  
  63  5:40  Pylon  
  67  5:45  Pylon  
  67  5:48  Probe x2  
  67  5:51  Charge  
  67  5:55  Colossus (Chrono Boost)  
  73  6:05  Pylon  
  73  6:08  Extended Thermal Lance (Chrono Boost), Probe  
  74  6:15  Shield Battery, Probe  
  74  6:17  Sentry  
  77  6:20  Probe  
  77  6:23  Zealot  
  77  6:24  Zealot  
  82  6:27  Probe  
  83  6:33  Probe  
  83  6:37  Colossus (Chrono Boost)  
  83  6:39  Probe  
  84  6:45  Probe  
  89  6:51  Zealot x2, Probe  
  89  6:53  Shield Battery  
  94  6:58  Shield Battery  
  94  7:00  Zealot x2, Pylon  
  98  7:05  Zealot x2  
  98  7:10  Pylon  
  98  7:12  Zealot x2, Pylon  
  108  7:30  Zealot  
  108  7:33  Zealot x3  
  110  7:44  Probe x2  
  110  7:49  Probe  
  95  7:54  Zealot x4  
Show
View Real Time Build Order
Export as new Build Order

Epic Terran - Winner!

Build Orders: Reaper Expand 

Get SALT Encoding   

  12  0:00  SCV  
  13  0:12  SCV  
  14  0:17  Supply Depot  
  14  0:24  SCV  
  15  0:38  SCV  
  15  0:39  Barracks  
  15  0:42  Refinery  
  16  0:50  SCV  
  17  1:02  SCV  
  18  1:15  SCV  
  19  1:26  Reaper  
  19  1:27  Orbital Command  
  20  1:50  Command Center  
  20  1:53  SCV  
  21  1:56  Supply Depot  
  21  1:58  Marine  
  22  2:07  Factory  
  22  2:10  SCV  
  23  2:21  Barracks Reactor  
  23  2:22  SCV  
  24  2:25  Bunker  
  24  2:30  Refinery  
  24  2:34  SCV  
  25  2:46  SCV  
  25  2:51  Hellion  
  28  2:56  Starport  
  29  2:58  SCV  
  29  2:59  Marine  
  29  3:00  Marine  
  29  3:04  Orbital Command  
  31  3:10  SCV  
  34  3:13  Widow Mine  
  34  3:19  Marine x2  
  36  3:22  SCV  
  37  3:30  SCV  
  37  3:32  Supply Depot  
  37  3:34  SCV, Medivac  
  40  3:35  Factory Tech Lab  
  40  3:43  Marine  
  40  3:44  Barracks  
  40  3:47  SCV x2  
  41  3:53  Siege Tank  
  44  3:56  Supply Depot  
  44  4:00  SCV x2  
  46  4:07  Marine x2  
  46  4:09  Starport Tech Lab  
  48  4:12  SCV x2  
  48  4:14  Barracks  
  50  4:19  Engineering Bay  
  50  4:23  Refinery  
  50  4:24  SCV x2  
  50  4:27  Raven  
  54  4:33  Barracks Tech Lab, Marine x2  
  54  4:37  SCV x2  
  54  4:46  Siege Tank  
  54  4:51  Refinery  
  59  4:53  Marauder  
  59  4:54  SCV x2  
  59  4:57  Bunker  
  59  4:58  Marine x2  
  62  5:07  Supply Depot  
  62  5:12  Stimpack  
  62  5:18  Supply Depot  
  62  5:22  SCV x2, Marine x2  
  62  5:23  Marauder x2  
  70  5:28  Siege Tank  
  70  5:35  Combat Shield  
  73  5:36  SCV x2  
  73  5:41  Starport Reactor  
  75  5:46  Supply Depot  
  75  5:47  Terran Infantry Weapons Level 1  
  75  5:49  Marine x2  
  79  5:50  Marauder x2  
  79  5:54  SCV  
  79  5:55  Supply Depot  
  79  5:56  SCV  
  83  6:03  Missile Turret  
  83  6:07  Marine x2  
  87  6:11  Supply Depot, Marauder x2  
  87  6:17  Medivac x2  
  93  6:20  Factory Reactor  
  93  6:26  Marine x2  
  95  6:35  Marauder x2  
  95  6:39  Supply Depot  
  99  6:47  Medivac x2  
  99  6:52  Marine  
  99  6:53  Marine  
  105  6:55  Concussive Shells  
  105  6:56  Marauder x2  
  105  7:00  Command Center  
  109  7:09  SCV x2  
  109  7:11  Marine  
  109  7:12  Marine, Widow Mine x2  
  117  7:21  Barracks x2  
  117  7:33  Marine  
  118  7:43  Supply Depot  
  118  7:46  Marine  
Tags
 
Add a new tag
Caveats
  • Supply blocks, unpowered buildings, or Contaminate may cause inaccurate times.
  • Supply counts are checked every 10 seconds.